 Dungeon Crawl Stone Soup version 0.29.1-12-g30fa7ad0bf (webtiles) character file.

Game seed: 11799201686989996954

61 sneakypete the Trooper (level 4, 0/40 HPs)
             Began as a Hill Orc Fighter on Jan 13, 2023.
             Slain by a hellwing (3 damage)
             ... on level 1 of the Abyss.
             The game lasted 00:10:56 (2145 turns).

sneakypete the Trooper (Hill Orc Fighter)           Turns: 2145, Time: 00:10:57

Health: 0/40       AC:  7    Str: 20    XL:     4   Next: 7%
Magic:  13/13      EV:  9    Int:  8    God:
Gold:   23         SH:  4    Dex: 10    Spells: 3/3 levels left

rFire   . . .      SeeInvis .   a - +0 war axe
rCold   . . .      Faith    .   c - +0 buckler
rNeg    . . .      Spirit   .   b - +0 scale mail
rPois   .          Reflect  .   (no helmet)
rElec   .          Harm     .   (no cloak)
rCorr   .          Rampage  .   (no gloves)
Will    .....                   (no boots)
Stlth   ..........              (no amulet)
HPRegen 0.13/turn               k - ring of magical power
MPRegen 0.13/turn               (no ring)

@: no status effects
A: no striking features
a: no special abilities


You were on level 1 of the Abyss.
You visited 1 branch of the dungeon, and saw 2 of its levels.
You visited the Abyss 1 time.

You collected 23 gold pieces.

Inventory:

Hand Weapons
 a - a +0 war axe (weapon)
Armour
 b - a +0 scale mail (worn)
 c - a +0 buckler (worn)
Jewellery
 k - a ring of magical power (left hand)
Scrolls
 e - a scroll of enchant armour {unknown}
 f - 3 scrolls of poison {unknown}
 i - 3 scrolls of identify {unknown}
 j - 2 scrolls of teleportation {unknown}
 l - a scroll of acquirement {unknown}
Potions
 d - 2 potions of might
 g - a potion of curing {unknown}
 h - 2 potions of mutation {unknown}


   Skills:
 + Level 4.2 Fighting
 + Level 3.6 Axes
 + Level 4.0 Armour
 + Level 0.1 Dodging
 + Level 3.7 Shields


You had 3 spell levels left.
You didn't know any spells.
Your spell library contained the following spells:

 Spells                   Type           Power      Damage    Failure   Level
 Beastly Appendage        Tmut           0%         N/A       85%         1
 Ensorcelled Hibernation  Hex/Ice        0%         N/A       94%         2
 Passwall                 Tmut/Erth      0%         N/A       94%         2
 Wereblood                Tmut           0%         N/A       94%         2
 Gell's Gravitas          Tloc           0%         N/A       99%         3
 Lesser Beckoning         Tloc           0%         N/A       99%         3
 Spider Form              Tmut/Pois      0%         N/A       99%         3
 Swiftness                Air            0%         N/A       99%         3
 Teleport Other           Tloc           0%         N/A       99%         3
 Olgreb's Toxic Radiance  Pois           0%         N/A       100%        4
 Ozocubu's Refrigeration  Ice            0%         4d7       100%        7
 Ignition                 Fire           0%         3d3       100%        8


Dungeon Overview and Level Annotations

Branches:
Dungeon (2/15)

Altars:

Annotations:
D:2 Sigmund


Message History

Sigmund closely misses you.
You barely miss Sigmund.
Sigmund is almost dead.
Sigmund hits you with a +3 scythe of distortion!
You are cast into the Abyss!
This branch contains the abyssal rune of Zot.
There is an empty arch of ancient stone here.
You start resting.
A hellwing comes into view.
The hellwing gives a chilling moan.
The hellwing completely misses you. You block the hellwing's attack.
You hit the hellwing but do no damage. The hellwing hits you.
The hellwing hits you but does no damage.
You barely miss the hellwing. The hellwing closely misses you.
The hellwing misses you.
You hit the hellwing.
The hellwing is lightly wounded.
The hellwing hits you! The hellwing hits you. The hellwing hits you!
* * * LOW HITPOINT WARNING * * *
The hellwing hits you but does no damage.
You closely miss the hellwing.
The hellwing is lightly wounded.
You block the hellwing's attack. The hellwing closely misses you.
You barely miss the hellwing.
The hellwing is lightly wounded.
The hellwing hits you but does no damage.
You block the hellwing's attack.
You hit the hellwing but do no damage.
The hellwing is lightly wounded.
The hellwing hits you.
* * * LOW HITPOINT WARNING * * *
The hellwing closely misses you. The hellwing barely misses you. x2
You closely miss the hellwing. You block the hellwing's attack.
The hellwing hits you but does no damage.
You hit the hellwing but do no damage. The hellwing hits you.
* * * LOW HITPOINT WARNING * * *
The hellwing closely misses you.
The hellwing hits you but does no damage.
The hellwing hits you.
You die...

.. #.# . ## # .
.# # . # . # .
.. # . # #. ##
### ## # ## .#
. ## .# . .. #
####.##### . .
......4@.##.##.
# .. #
.###.####..# ##
.## #### # .
#.. ..


You could see a hellwing.

Vanquished Creatures
  An adder (D:2)
  2 worms (D:2)
  A dart slug (D:2)
  4 endoplasms
  A giant cockroach (D:1)
  3 goblins
  5 hobgoblins
  8 jackals (D:2)
  3 quokkas
  A ball python (D:1)
  4 bats
  4 frilled lizards (D:1)
  3 kobolds (D:1)
  2 rats (D:2)
42 creatures vanquished.

Notes
Turn   | Place    | Note
-------+----------+-------------------------------------------
     0 | D:1      | sneakypete the Hill Orc Fighter began the quest for the
                  | Orb.
     0 | D:1      | Reached XP level 1. HP: 19/19 MP: 1/1
   198 | D:1      | Reached XP level 2. HP: 24/27 MP: 2/2
  1020 | D:2      | Reached XP level 3. HP: 33/33 MP: 3/3
  1617 | D:2      | Reached XP level 4. HP: 38/40 MP: 4/4
  2039 | D:2      | Noticed Sigmund
  2058 | Abyss:1  | Cast into level 1 of the Abyss (Sigmund)
  2134 | Abyss:1  | Noticed a hellwing
  2145 | Abyss:1  | Slain by a hellwing

Illustrated notes

Levels and vault maps discovered:
D:1:      dpeg_chamrin_arrival_tetris, layout_basic, hangedman_feature_mirror,
          hangedman_decor_growths, minmay_pentomino_t2
D:2:      layout_loops_corners, uniq_jessica, uniq_terence, uniq_sigmund
Abyss:1:  base:
D:1

Skill      XL: |  1  2  3 |
---------------+----------+-----
Axes           | 3 |  3.6
Armour         | 4 |  4.0
Fighting       | 4 |  4.2
Dodging        | |  0.1
Shields        | |  3.7

Action                   |  1- 3 |  4- 6 || total
-------------------------+-------+-------++-------
Melee: War axe           |   121 |    24 ||   145
Armor: Scale mail        |    77 |    10 ||    87
Dodge: Dodged            |    68 |    15 ||    83
Block: Buckler           |    39 |     8 ||    47
